 Dungeon Crawl Stone Soup version 0.28-a0-1286-g6bde065e89 (webtiles) character file.

Game seed: 1984820310684328750

62 wilfster70 the Caller (level 3, -6/14 HPs)
             Began as a Felid Summoner on Dec 26, 2021.
             Killed by divine providence
             ... invoked by an orc priest
              (10 damage)
             ... on level 3 of the Dungeon.
             The game lasted 00:10:13 (3389 turns).

wilfster70 the Caller (Felid Summoner)              Turns: 3389, Time: 00:10:14

Health: -6/14      AC:  1    Str:  4    XL:     3   Next: 85%
Magic:  5/8        EV: 17    Int: 18    God:
Gold:   47         SH:  0    Dex: 16    Spells: 3/8 levels left
                                        Lives:  0   Deaths: 0

rFire   . . .      SeeInvis +   (weapon unavailable)
rCold   . . .      Faith    .   (shield unavailable)
rNeg    . . .      Spirit   .   (armour unavailable)
rPois   .          Reflect  .   (helmet unavailable)
rElec   .          Harm     .   (cloak unavailable)
rCorr   .          Rampage  .   (gloves unavailable)
Will    .....                   (boots unavailable)
Stlth   ++........              (no amulet)
HPRegen 0.04/turn               (no ring)
MPRegen 0.11/turn               (no ring)

@: quick
A: very small, claws 1, fangs 3, see invisible, speed 1, shaggy fur 1, stealthy
paws, no weapons or thrown items, no armour, multi-lived
a: no special abilities


You were on level 3 of the Dungeon.
You visited 1 branch of the dungeon, and saw 3 of its levels.

You collected 47 gold pieces.

Inventory:

Scrolls
 e - 2 scrolls of teleportation
Potions
 a - 2 potions of heal wounds {unknown}
 b - a potion of magic {unknown}
 c - a potion of resistance
 d - a potion of cancellation {unknown}


   Skills:
 - Level 2.6 Dodging
 - Level 2.6 Stealth
 + Level 3.1 Spellcasting
 + Level 4.8 Summonings


You had 3 spell levels left.
You knew the following spells:

 Your Spells              Type           Power      Damage    Failure   Level
b - Call Imp              Summ           20%        N/A       3%          2
c - Call Canine Familiar  Summ           20%        N/A       7%          3

Your spell library contained the following spells:

 Spells                   Type           Power      Damage    Failure   Level
 Summon Small Mammal      Summ           80%        N/A       2%          1
 Summon Guardian Golem    Hex/Summ       11%        N/A       19%         3
 Summon Lightning Spire   Summ/Air       11%        N/A       52%         4


Dungeon Overview and Level Annotations

Branches:
Dungeon (3/15)

Altars:
Qazlal

Shops:
D:2 (

Annotations:
D:2 1 runed translucent door, 1 exclusion


Innate Abilities, Weirdness & Mutations

You have sharp claws.
You have razor-sharp teeth.
You have supernaturally acute eyesight. (SInv)
You cover ground quickly. (Speed+)
You are covered in fur. (AC +1)
Your paws help you pounce on unaware monsters.
You are incapable of wielding weapons or throwing items.
You cannot wear armour.
You gain extra lives every three experience levels.


Message History

A beastly little devil appears in a puff of flame.
The endoplasm quivers.
Casting: Call Imp (safe; 3% risk of failure)
Confirm with . or Enter, or press ? or * to list all spells.
The spell is potentially lethal to miscast (7% risk of failure)!
Continue anyway?
Your crimson imp hits the endoplasm.
Your crimson imp barely misses the endoplasm.
Your hound barely misses the endoplasm.
The endoplasm barely misses your hound.
Your hound completely misses the endoplasm.
Your crimson imp hits the endoplasm.
The endoplasm barely misses your hound.
Your hound bites the endoplasm.
Your crimson imp hits the endoplasm.
The endoplasm dies!
You swap places.
You swap places.
a - 2 sedimented inky potions (gained 1)
Okay, then.
Your hound disappears in a puff of smoke!
You swap places.
Found 21 arrows.
Found a stone staircase leading down.
An orc priest comes into view. It is wielding a +0 flail.
The orc priest shouts!
You hear a shout! x2
Casting: Call Canine Familiar (potentially lethal; 7% risk of failure)
Confirm with . or Enter, or press ? or * to list all spells.
The spell is potentially lethal to miscast (7% risk of failure)!
Continue anyway?
The orc priest miscasts a cantrip.
The orc priest invokes the aid of Beogh against you.
Beogh smites you!
Ouch! That really hurt!
* * * LOW HITPOINT WARNING * * *
You hear a shout!
The orc priest hits your hound with a +0 flail.
Your hound bites the orc priest.
An orc comes into view. It is wielding a +0 dagger.
Your hound closely misses the orc priest.
Your hound bites the orc priest but does no damage.
The orc priest mumbles some strange prayers to Beogh against you.
Beogh smites you!
Ouch! That really hurt!
You die...

####.......####...## .#
...
≈≈≈#..........##...####.#
#.#
≈≈≈#.......##............
...
≈≈≈'.#.#########.........
≈≈≈#....# #.....oo##
≈≈≈#....# #.....h.#
####....# #..5....#
##......# #.......#
........# #@.....>#
##......# #.........
#......# #.########
#......# ### #......#
#......# ########


You could see an orc priest (ally target), an orc, a friendly hound (summoned)
and a friendly crimson imp (summoned).

Vanquished Creatures
  A ball python (D:2)
  A bat (D:3)
  An endoplasm (D:3)
  A goblin (D:2)
  A hobgoblin (D:3)
  A kobold (D:3)
  A frilled lizard (D:2)
  A rat (D:2)
8 creatures vanquished.

Vanquished Creatures (collateral kills)
  A worm (D:3)
  2 dart slugs
  An orc (D:3)
  3 ball pythons
  2 endoplasms (D:3)
  4 giant cockroaches
  3 goblins
  2 hobgoblins (D:1)
  9 jackals
  A quokka (D:2)
  3 bats
  2 frilled lizards
  5 kobolds
  2 rats
40 creatures vanquished.

Vanquished Creatures (others)
  A plant (D:1)
1 creature vanquished.

Grand Total: 49 creatures vanquished

Notes
Turn   | Place    | Note
-------+----------+-------------------------------------------
     0 | D:1      | wilfster70 the Felid Summoner began the quest for the Orb.
     0 | D:1      | Reached XP level 1. HP: 7/7 MP: 4/4
   412 | D:1      | Reached XP level 2. HP: 11/11 MP: 4/6
   415 | D:1      | Learned a level 2 spell: Call Imp
  1186 | D:1      | You fall into a shaft and drop 1 floor!
  1186 | D:2      | Found a stormy altar of Qazlal.
  1950 | D:2      | Found Kennuus's Weapon Shop.
  2034 | D:2      | Reached XP level 3. HP: 14/14 MP: 5/8
  2038 | D:2      | Learned a level 3 spell: Call Canine Familiar
  2155 | D:2      | Found a runed translucent door.
  2443 | D:3      | Found a faded altar of an unknown god.
  3389 | D:3      | Killed from afar by an orc priest

Illustrated notes

Levels and vault maps discovered:
D:1:      psy_arrival_fountain, layout_rooms, serial_forest,
          infiniplex_forest_end_2, infiniplex_forest_straight_1,
          infiniplex_forest_clump_tiny, infiniplex_forest_3_way,
          infiniplex_forest_lined_room_, infiniplex_forest_lined_2,
          infiniplex_forest_clump_medium, infiniplex_forest_lined_2,
          infiniplex_forest_lined_1, infiniplex_forest_straight_3
D:2:      layout_rooms, basic_altar, serial_shops,
          nicolae_shop_bloodbath_and_beyond, uniq_crazy_yiuf_cottage
D:3:      layout_rooms, serial_rivers, chequers_serial_rivers_room_b,
          chequers_serial_rivers_large_b, chequers_serial_rivers_room_a,
          chequers_serial_rivers_room_a, chequers_serial_rivers_micro_e,
          hellmonk_ecumenical_altar_slurped_away

Skill      XL: |  1  2  3 |
---------------+----------+-----
Spellcasting   | 3 |  3.1
Dodging        | |  2.6
Stealth        | |  2.6
Summonings     | |  4.8

Action                   || total
-------------------------++-------
Melee: Unarmed           ||    41
       Bite              ||     1
 Cast: Summon Small Mamm ||    13
       Call Imp          ||    28
       Call Canine Famil ||     5
  Use: Scroll            ||     5
 Stab: Sleeping          ||     4
Armor: Skin              ||    11
Dodge: Dodged            ||   104

Table legend: (Time is in decaauts)
 A = Elapsed time spent in this place.
 B = Non-inter-level travel time spent in this place.
 C = Inter-level travel time spent in this place.
 D = Time resting spent in this place.
 E = Time spent auto-exploring this place.
 F = Levels seen in this place.
 G = Mean time per level.
                   A        B        C        D        E       F      G
               +--------+--------+--------+--------+--------+-----+--------+
         Total |   3099 |   3086 |     13 |   1314 |    893 |   3 | 1033.0 |
       Dungeon |   3099 |   3086 |     13 |   1314 |    893 |   3 | 1033.0 |
               +--------+--------+--------+--------+--------+-----+--------+

Top non-repeatable levels by time:
     D:1: 1089 daAuts
     D:2: 1008 daAuts
     D:3: 1000 daAuts
